cohdb
Replays
Latest Replays
All Replays
Popular Replays
Top Player Replays
Match Explorer
How It Works
Community
CoH3 Stats
Reddit
Sign in to upload your games and track your stats! →
Sign in with Steam
Match 28453588
Unlisted
Match 28453588
Overview
Messages
Build Orders
End
Selects Luftwaffe Battlegroup
Selects Luftwaffe Pioneer Support
Fallschirmpioneer Squad Paradrop
Construct Infanterie Kompanie
Grenadier Squad
GrW 34 Mortar Team
Grenadier Squad
Infanterie Officer Quarters
Construct Luftwaffe Kompanie
Selects Reconnaissance Run
Flak 30 Anti-aircraft Gun Team
Reconnaissance Run
221 Scout Car
Jäger Squad
Flak 30 Anti-aircraft Gun Team
Selects LG40 Recoilless Gun Paradrop
Reconnaissance Run
Jäger Squad
Selects Infantry Reserves
Support Elements
Eilte
赵天天001
ashilrye
HulkSMASH
0
0
Comments
sign in to comment!
No comments posted yet!